 Dungeon Crawl Stone Soup version 0.30.0-29-ga12c61a403 (webtiles) character file.

Game seed: 18218522536654614711

312 qw the Chopper (level 6, -3/39 HPs)
             Began as a Gargoyle Fighter on June 3, 2023.
             Slain by a gnoll
             ... wielding a +0 halberd
              (5 damage)
             ... on level 3 of the Dungeon.
             The game lasted 00:01:23 (1958 turns).

qw the Chopper (Gargoyle Fighter)                   Turns: 1958, Time: 00:01:23

Health: -3/39      AC: 15    Str: 22    XL:     6   Next: 42%
Magic:  6/6        EV:  6    Int:  8    God:
Gold:   110        SH:  4    Dex:  9    Spells: 5/5 levels left

rFire   . . .        Y - +0 war axe
rCold   . . .        c - +0 buckler
rNeg    + . .        l - +0 plate armour
rPois   inf          (no helmet)
rElec   +            (no cloak)
rCorr   .            (no gloves)
SInv    .            (no boots)
Will    .....        (no amulet) Stlth
                     (no ring)
HPRegen 0.26/turn    (no ring)
MPRegen 0.10/turn

%: no passive effects
@: no status effects
A: sickness immunity, AC +4, negative energy resistance 1, electricity
resistance, torment resistance 1, petrification resistance
a: no special abilities


You were on level 3 of the Dungeon.
You visited 1 branch of the dungeon, and saw 3 of its levels.

You collected 110 gold pieces.


Innate Abilities, Weirdness & Mutations

You are immune to sickness and miasma.
Your stone body is resilient. (AC +4)
You are immune to poison.
You resist negative energy. (rN+)
You are resistant to electric shocks. (rElec)
You are resistant to unholy torment.
You are immune to petrification.


   Skills:
 - Level 4.3 Fighting
 + Level 5.5 Axes
 - Level 3.2 Armour
 - Level 3.2 Shields


You had 5 spell levels left.
You didn't know any spells.
Your spell library was empty.

Inventory:

Hand Weapons
 e - a +0 club
 Y - a +0 war axe (weapon)
Missiles
 b - 3 boomerangs (quivered)
Armour
 c - a +0 buckler (worn)
 l - a +0 plate armour (worn)
Scrolls
 k - a scroll of identify
Potions
 a - a potion of lignification
 d - 2 potions of might
 f - a potion of heal wounds {unknown}
 g - a potion of berserk rage {unknown}
 h - a potion of haste
 i - a potion of brilliance {unknown}
 j - a potion of mutation {unknown}
 n - a potion of magic {unknown}
 p - a potion of flight {unknown}
 q - a potion of curing {unknown}

Dungeon Overview and Level Annotations

Branches:
Dungeon (3/15)

Altars:


Message History

The gnoll barely misses you.
You barely miss the gnoll.
The gnoll is heavily wounded.
You slash the gnoll! You hit the kobold.
The kobold hits you but does no damage.
The gnoll hits you but does no damage. x2
You block the gnoll's attack. You block the kobold's attack.
The gnoll barely misses you.
The gnoll hits you but does no damage. x2
You slash the gnoll!
You kill the gnoll!
You miss the kobold. You slash the gnoll!
You kill the gnoll!
The kobold barely misses you. The gnoll barely misses you.
You closely miss the kobold.
The kobold is heavily wounded.
You closely miss the hobgoblin. You barely miss the gnoll.
The hobgoblin hits you but does no damage.
The gnoll hits you with a +0 club! The kobold hits you but does no damage.
The gnoll hits you from afar with a +0 halberd.
You slash the kobold!
You kill the kobold!
You hit the hobgoblin.
You kill the hobgoblin!
You slash the gnoll! The gnoll barely misses you.
The gnoll hits you but does no damage.
You hit the gnoll.
You kill the gnoll!
The gnoll hits you from afar with a +0 halberd.
The gnoll barely misses you. You block the gnoll's attack.
Items here: $ %% ).
Enter note: You hit the gnoll but do no damage.
The gnoll barely misses you.
You hit the gnoll but do no damage. The gnoll barely misses you.
You barely miss the gnoll. The gnoll hits you with a +0 halberd.
You barely miss the gnoll. The gnoll hits you with a +0 halberd.
You die...

#...######## ####
#...#......## ##...
#...#.......###....
##'##...[..(.#.....
#...........#.....
#...........%.....
#.....((....#.....
##%##..).....#.....
#)@)#..()...###....
#$g$#......## ##^..
#$$$###############
##### ~~~~~~~~
~~~~~~~~ ~~~~~~~~
.~~.~.~. .......
.......


You could see a gnoll.

Vanquished Creatures
  A kobold brigand (D:3)
  4 adders
  10 gnolls (D:3)
  4 dart slugs
  3 orcs (D:3)
  5 bats
  5 endoplasms
  4 giant cockroaches
  7 goblins
  8 hobgoblins
  8 ball pythons
  2 frilled lizards
  41 kobolds
  4 rats
106 creatures vanquished.

Notes
Turn   | Place    | Note
-------+----------+-------------------------------------------
     0 | D:1      | qw the Gargoyle Fighter began the quest for the Orb.
     0 | D:1      | Reached XP level 1. HP: 14/14 MP: 1/1
     0 | D:1      | 0 ||| qw: Version: 0.2-a-103-g5a998e5
     0 | D:1      | 0 ||| qw: Game counter: 1099
     0 | D:1      | 0 ||| qw: Always use a shield: true
     0 | D:1      | 0 ||| qw: God list: Okawaru
     0 | D:1      | 0 ||| qw: Allow faded altars: false
     0 | D:1      | 0 ||| qw: Do Orc after D:15 true
     0 | D:1      | 0 ||| qw: Do second Lair branch before Depths: true
     0 | D:1      | 0 ||| qw: Lair rune preference: random
     0 | D:1      | 0 ||| qw: Plans: Normal, Zot:1-4, Slime:5, God:TSO, Crypt,
                  | Tomb, Pan, Hells, Abyss, Win
     0 | D:1      | 0 ||| PLANNING D:1-11
    42 | D:1      | Reached skill level 2 in Axes
    49 | D:1      | 49 ||| Stepping ~*~*~tactically~*~*~ (stealth).
    73 | D:1      | Reached XP level 2. HP: 15/19 MP: 2/2
   406 | D:1      | 406 ||| Stepping ~*~*~tactically~*~*~ (stealth).
   418 | D:1      | Reached skill level 3 in Axes
   428 | D:1      | Reached XP level 3. HP: 16/23 MP: 3/3
   430 | D:1      | 430 ||| Stepping ~*~*~tactically~*~*~ (stealth).
   482 | D:1      | 482 ||| Stepping ~*~*~tactically~*~*~ (stealth).
   489 | D:1      | 489 ||| Stepping ~*~*~tactically~*~*~ (stealth).
   493 | D:1      | 493 ||| Stepping ~*~*~tactically~*~*~ (stealth).
   747 | D:1      | 747 ||| READING scroll labelled IWKETHINKA.
   748 | D:1      | 748 ||| READING scroll labelled TOUTRAT YFI.
   749 | D:1      | 749 ||| READING scroll labelled JUHYT CIJOI.
   750 | D:1      | 750 ||| READING scroll labelled HAINYCUCRE.
   974 | D:2      | Reached XP level 4. HP: 28/28 MP: 4/4
   980 | D:2      | 980 ||| Stepping ~*~*~tactically~*~*~ (hiding).
  1018 | D:2      | 1018 ||| Stepping ~*~*~tactically~*~*~ (stealth).
  1418 | D:2      | Reached skill level 4 in Axes
  1481 | D:2      | 1481 ||| UPGRADING to +0 plate armour.
  1491 | D:2      | 1491 ||| DROPPING +0 scale mail.
  1492 | D:2      | 1492 ||| READING scroll labelled WENWEF RENAUF.
  1493 | D:2      | 1493 ||| READING scroll labelled OFFUEM XYRAORCH.
  1494 | D:2      | 1494 ||| DRINKING 2 lumpy brown potions.
  1495 | D:2      | 1495 ||| READING 2 scrolls of identify.
  1495 | D:2      | 1495 ||| IDENTIFYING fuming pink potion
  1656 | D:3      | Reached XP level 5. HP: 31/32 MP: 5/5
  1812 | D:3      | Noticed a kobold brigand
  1823 | D:3      | Reached skill level 5 in Axes
  1824 | D:3      | Killed a kobold brigand
  1825 | D:3      | Reached XP level 6. HP: 39/39 MP: 6/6
  1830 | D:3      | 1830 ||| Stepping ~*~*~tactically~*~*~ (hiding).
  1848 | D:3      | 1848 ||| Stepping ~*~*~tactically~*~*~ (stealth).
  1951 | D:3      | HP: 9/39 [gnoll/+0 club (7)]
  1953 | D:3      | HP: 3/39 [gnoll/+0 halberd (3)]
  1958 | D:3      | Slain by a gnoll

Levels and vault maps discovered:
D:1:      sevenhm_arrival_forest_fort_large_2, layout_loops_ring,
          minmay_misc_feat_diagonals, hex_tiny, chequers_serial_rivers_micro_c,
          st_stairs_11, minivault_24
D:2:      layout_basic
D:3:      minmay_goblin_kobold_castle, layout_loops_ring,
          minmay_misc_feat_secret_circle, minmay_surrounded

Skill      XL: |  1  2  3  4  5 |
---------------+----------------+-----
Axes           | 2 3 4 5 |  5.5
Fighting       | 4 |  4.3
Armour         | |  3.2
Shields        | |  3.2

Action                     |  1- 3 |  4- 6 || total
---------------------------+-------+-------++-------
  Melee: War axe           |   106 |   153 ||   259
  Throw: Boomerang         |       |     7 ||     7
    Use: Scroll            |     4 |     3 ||     7
         Potion            |       |     1 ||     1
 Armour: Scale mail        |    61 |    24 ||    85
         Plate armour      |       |   109 ||   109
  Dodge: Dodged            |    58 |    80 ||   138
  Block: Buckler           |    21 |    36 ||    57

Table legend:
 A = Non-vault XP
 B = Vault XP
 C = Vault XP percentage of total XP
 D = Non-vault monster count
 E = Vault monster count
 F = Vault count percentage of total count
                 A         B        C        D         E       F
            +---------+---------+-------+---------+---------+-------
      Total |     143 |     303 |  67.9 |      53 |      53 |  50.0
            +---------+---------+-------+---------+---------+-------
        D:1 |      47 |       3 |   6.0 |      26 |       2 |   7.1
        D:2 |      63 |       0 |   0.0 |      18 |       0 |   0.0
        D:3 |      33 |     300 |  90.1 |       9 |      51 |  85.0
            +---------+---------+-------+---------+---------+-------
